 Dungeon Crawl Stone Soup version 0.21-a0-578-gc6e9d75 (webtiles) character file.

270 tidbits the Covert (level 6, 25/25 HPs)
             Began as a Felid Transmuter on Dec 18, 2017.
             Was a Follower of Cheibriados.
             Quit the game on level 7 of the Dungeon.
             The game lasted 00:12:09 (1259 turns).

tidbits the Covert (Felid Transmuter)               Turns: 1259, Time: 00:12:10

Health: 25/25      AC:  2    Str: 10    XL:     6   Next: 1%
Magic:  10/10      EV: 18    Int: 17    God:    Cheibriados [*.....]
Gold:   112        SH:  0    Dex: 18    Spells: 3/9 levels left
                                        Lives:  0   Deaths: 2

rFire    . . .     SeeInvis +     - Unarmed
rCold    . . .     Gourm    +   (shield unavailable)
rNeg     . . .     Faith    .   (armour unavailable)
rPois    .         Spirit   .   (helmet unavailable)
rElec    .         Reflect  .   (cloak unavailable)
rCorr    .         Harm     .   (gloves unavailable)
MR       .....                  (boots unavailable)
Stlth    ++++......             f - amulet of the gourmand
HPRegen  0.08/turn              (no ring)
MPRegen  0.12/turn              (no ring)

@: slow
A: very small, no armour, no weapons or thrown items, stealth, claws 1, fangs 3,
see invisible, carnivore, speed 1, shaggy fur 2, slow metabolism 1, sharp paws
a: Bend Time, Renounce Religion


You were on level 7 of the Dungeon.
You worshipped Cheibriados.
Cheibriados was aware of your devotion.
You were not hungry.

You visited 2 branches of the dungeon, and saw 8 of its levels.

You collected 112 gold pieces.

Inventory:

Missiles
 a - 19 arrows
Jewellery
 f - an amulet of the gourmand (around neck)
   (You found it on level 4 of the Dungeon)
Scrolls
 d - a scroll of enchant weapon {unknown}
 h - a scroll of magic mapping {unknown}
 r - a scroll of remove curse
Potions
 i - a potion of curing {unknown}
Books
 b - a book of Changes

   Spells                             Type                      Level
   a - Beastly Appendage              Transmutation                1
   b - Sticks to Snakes               Transmutation                2
   c - Spider Form                    Transmutation/Poison         3
   d - Ice Form                       Ice/Transmutation            4
   e - Blade Hands                    Transmutation                5
Comestibles
 c - 3 rations


   Skills:
 - Level 1.2 Fighting
 - Level 2.9 Dodging
 - Level 8.2 Stealth
 + Level 6.0 Unarmed Combat
 - Level 2.1 Spellcasting
 - Level 2.4 Transmutations


You had 3 spell levels left.
You knew the following spells:

 Your Spells              Type           Power        Failure   Level  Hunger
e - Beastly Appendage     Tmut           #.....       7%          1    #......
k - Sticks to Snakes      Tmut           #.......     11%         2    ###....
p - Spider Form           Tmut/Pois      #.........   34%         3    ###....


Dungeon Overview and Level Annotations

Branches:
Dungeon (7/15)             Temple (1/1) D:4

Altars:
Ashenzari
Cheibriados
Dithmenos
Elyvilon
Fedhas
Gozag
Kikubaaqudgha
Makhleb
Nemelex Xobeh
Okawaru
Qazlal
Sif Muna
Trog
Uskayaw
Vehumet
Wu Jian
Xom
Yredelemnul
Zin
The Shining One

Annotations:
D:4 exclusion: statue, Sigmund


Innate Abilities, Weirdness & Mutations

You cannot wear armour.
You are incapable of wielding weapons or throwing items.
Your paws allow you to move quietly. (Stealth)
You have sharp claws.
You have razor-sharp teeth.
You have supernaturally acute eyesight. (SInv)
You are carnivorous and can eat meat at any time.
You cover ground quickly.
You are covered in thick fur. (AC +2)
You have a slow metabolism.
Your sharp claws are effective at attacking unaware monsters.


Message History

The bolt of acid hits the orc warrior.
The orc warrior is splashed with acid.
The acid corrodes the orc warrior!
The orc warrior is almost dead.
The bolt of acid hits the orc wizard.
The orc wizard is splashed with acid.
The orc wizard is almost dead.
Unknown command.
Evoke which item? (* to show all) (? for menu, Esc to quit)
Aiming: Corrosive Bolt
Press: ? - help, Shift-Dir - straight line, f/p - orc
Aim: an orc, wearing a chain mail The bolt of acid hits the orc warrior.
The orc warrior is splashed with acid.
The acid corrodes the orc warrior!
You kill the orc warrior!
Cheibriados appreciates the change of pace.
The bolt of acid hits the orc wizard.
The orc wizard is splashed with acid.
The acid corrodes the orc wizard!
You kill the orc wizard!
Cheibriados appreciates the change of pace.
Your Unarmed Combat skill increases to level 6!
You have reached level 7!
Extra life!
The now-empty wand crumbles to dust.
The orc throws a tomahawk.
The tomahawk misses you.
Casting: Spider Form
Confirm with . or Enter, or press ? or * to list all spells.
You turn into a venomous arachnid creature.
You hit the orc but do no damage.
The orc is poisoned.
The orc misses you.
You hit the orc but do no damage.
The orc looks as sick as possible!
The orc is moderately wounded.
You kill the orc!
Cheibriados thoroughly appreciates the change of pace.
The orc throws a tomahawk.
The tomahawk misses you. The orc hits you with a short sword.
* * * LOW HITPOINT WARNING * * *
Things that are here:
a chain mail; a leather armour You hit the orc.
The orc is poisoned.
The orc is heavily wounded.
The orc completely misses you.
You hit the orc but do no damage.
The orc looks as sick as possible!
The orc is almost dead.
Your transformation is almost over.
You kill the orc!
Cheibriados thoroughly appreciates the change of pace.
Okay, then.
Items here: ( )) [[ †
Okay, then.
You butcher the orc corpse.
Items here: % ( )) [[ Eat one of 2 chunks of flesh? (ye/n/q)
You eat one of the 2 chunks of flesh.
This raw flesh tastes great.
Eat a chunk of flesh? (ye/n/q)
You eat the chunk of flesh.
This raw flesh tastes great.
Found a robe.
Things that are here:
a dagger; a runed leather armour; an orc corpse You butcher the orc corpse.
Things that are here:
a dagger; a runed leather armour; a chunk of flesh Eat a chunk of flesh? (ye/n/q)
You eat the chunk of flesh.
This raw flesh tastes great.
Your transformation has ended.
Found 6 gold pieces.
You see here 6 gold pieces.
You now have 112 gold pieces (gained 6).
Magic restored.
A bullfrog comes into view.
Casting: Spider Form
Confirm with . or Enter, or press ? or * to list all spells.
You turn into a venomous arachnid creature.
The bullfrog gives a loud, deep croak!
Your transformation is almost over.
The bullfrog completely misses you.
You bite the bullfrog!
The bullfrog is poisoned.
The bullfrog is heavily wounded.
The bullfrog completely misses you.
The bullfrog releases a deep croak.
The bullfrog completely misses you.
A bullfrog comes into view.
You barely miss the bullfrog.
The bullfrog is heavily wounded.
The bullfrog closely misses you.
You hit the bullfrog.
The bullfrog is almost dead.
The bullfrog misses you. The bullfrog barely misses you.
The bullfrog closely misses you. The bullfrog closely misses you.
Your transformation has ended.
The bullfrog hits you!
* * * LOW HITPOINT WARNING * * *
Casting: Spider Form
Confirm with . or Enter, or press ? or * to list all spells.
You turn into a venomous arachnid creature.
The bullfrog hits you.
You die...
Your shape twists and changes as you die.
You are now level 6!
Your transformation has ended.
You rejoin the land of the living...
Are you sure you want to abandon this character and quit the game? (Confirm with "yes".)

#######.#
#..@....#
.........####
#####.##...
#. #### #


There were no monsters in sight!

Vanquished Creatures
  An ice beast (D:7)
  An orc warrior (D:7)
  A black bear (D:6)
  A bullfrog (D:7)
  A howler monkey (D:5)
  A crimson imp (D:5)
  An orc priest (D:7)
  A centaur skeleton (D:5)
  A hound (D:4)
  A jelly (D:6)
  3 orc wizards (D:7)
  A worker ant (D:7)
  An adder zombie (D:5)
  A dart slug (D:1)
  2 leopard geckos
  10 orcs
  A giant cockroach (D:2)
  4 hobgoblins
  4 jackals (D:2)
  A quokka (D:7)
  A frilled lizard (D:3)
  A giant cockroach zombie (D:5)
  A leopard gecko skeleton (D:4)
  2 rats
43 creatures vanquished.

Vanquished Creatures (collateral kills)
  An adder (D:3)
  A rat (D:3)
2 creatures vanquished.

Grand Total: 45 creatures vanquished

Notes
Turn   | Place    | Note
-------+----------+-------------------------------------------
     0 | D:1      | tidbits the Felid Transmuter began the quest for the Orb.
     0 | D:1      | Reached XP level 1. HP: 9/9 MP: 4/4
   108 | D:2      | Reached XP level 2. HP: 12/12 MP: 6/6
   140 | D:2      | Found a sparkling altar of Nemelex Xobeh.
   175 | D:4      | Reached skill level 1 in Stealth
   193 | D:4      | Noticed a scorpion
   210 | D:5      | Entered Level 5 of the Dungeon
   224 | D:5      | Noticed a crimson imp
   227 | D:5      | Found a glowing silver altar of Zin.
   277 | D:4      | Found a radiant altar of Vehumet.
   277 | D:4      | Noticed a frost-covered statue
   292 | D:4      | Learned a level 2 spell: Sticks to Snakes
   366 | D:3      | Found a glowing golden altar of the Shining One.
   373 | D:3      | HP: 1/12 [hobgoblin (2)]
   375 | D:3      | Reached skill level 2 in Stealth
   390 | D:3      | Reached XP level 3. HP: 2/15 MP: 1/7
   443 | D:2      | Reached skill level 3 in Stealth
   495 | D:3      | Learned a level 3 spell: Spider Form
   586 | D:4      | Found a staircase to the Ecumenical Temple.
   593 | Temple   | Entered the Ecumenical Temple
   619 | Temple   | Became a worshipper of Cheibriados the Contemplative
   641 | D:4      | Noticed a phantom
   664 | D:4      | Found a deep blue altar of Sif Muna.
   664 | D:4      | Noticed a phantom
   743 | D:4      | Noticed Sigmund
   838 | D:4      | Reached skill level 4 in Stealth
   862 | D:5      | Reached skill level 5 in Stealth
   862 | D:5      | Reached XP level 4. HP: 5/19 MP: 3/8
   871 | D:5      | Found an ornate altar of the Wu Jian Council.
   875 | D:5      | Found a white marble altar of Elyvilon.
   922 | D:5      | Reached skill level 6 in Stealth
   959 | D:5      | Reached XP level 5. HP: 6/22 MP: 3/9
  1020 | D:6      | Noticed a black bear
  1021 | D:6      | HP: 1/22 [black bear (2)]
  1023 | D:6      | Killed a black bear
  1023 | D:6      | Reached skill level 7 in Stealth
  1080 | D:6      | Reached skill level 8 in Stealth
  1080 | D:6      | Gained mutation: You are covered in thick fur. (AC +2) [Felid growth]
  1080 | D:6      | Reached XP level 6. HP: 6/25 MP: 10/10
  1144 | D:7      | Slain by a bullfrog
  1145 | D:7      | Reached XP level 5. HP: -2/22 MP: 5/9
  1146 | D:7      | Noticed an ice beast
  1159 | D:7      | Killed an ice beast
  1159 | D:7      | Reached skill level 4 in Unarmed Combat
  1164 | D:7      | Reached XP level 6. HP: 6/25 MP: 8/10
  1191 | D:7      | Reached skill level 5 in Unarmed Combat
  1214 | D:7      | Noticed an orc warrior
  1221 | D:7      | Reached * piety under Cheibriados
  1223 | D:7      | Killed an orc warrior
  1223 | D:7      | Reached skill level 6 in Unarmed Combat
  1223 | D:7      | Reached XP level 7. HP: 6/28 MP: 11/11
  1257 | D:7      | HP: 2/28 [bullfrog (7)]
  1258 | D:7      | Slain by a bullfrog
  1259 | D:7      | Reached XP level 6. HP: -3/25 MP: 6/10
  1259 | D:7      | Quit the game

Vault maps used:
D:1:      co_arrival_hexagon_in_a_hexagon, roderic_serpentine_path,
          minmay_misc_feat_columns, minmay_misc_feat_iff, minmay_misc_feat_five,
          grunt_decor_one_mirror
D:2:      nemelex_lonely_heart_becter
D:3:      lemuel_round_altar, nrook_mini_vaults, hangedman_decor_diamond_cutter,
          nicolae_tso_swordbearing_angel
D:4:      vehumet_statue, lemuel_round_altar, minmay_temple_entry_hall,
          uniq_sigmund
D:5:      old_standard_altar, minitemple, first_ration
D:6:      hangedman_abyss_or_decor_stabs, elyvilon_altar_5,
          uniq_crazy_yiuf_cottage
Temple:   nicolae_temple_x_marks_the_god

Skill      XL: |  1  2  3  4  5  6 |
---------------+-------------------+-----
Stealth        | 2 5 6 8 |  8.2
Unarmed Combat | 4 6 |  6.0
Fighting       | |  1.2
Dodging        | |  2.9
Spellcasting   | |  2.1
Transmutations | |  2.4

Action                   |  1- 3 |  4- 6 |  7- 9 || total
-------------------------+-------+-------+-------++-------
Melee: Unarmed           |    77 |    35 |     7 ||   119
       Bite              |     3 |       |       ||     3
       Headbutt          |     3 |       |       ||     3
       Punch             |     1 |       |       ||     1
 Cast: Beastly Appendage |    16 |       |       ||    16
       Sticks to Snakes  |     6 |     2 |       ||     8
       Spider Form       |     3 |     5 |     3 ||    11
Evoke: Wand              |       |    23 |     1 ||    24
  Use: Scroll            |     1 |     1 |       ||     2
       Potion            |     1 |       |       ||     1
 Stab: Sleeping          |     6 |     3 |       ||     9
       Distracted        |     1 |       |       ||     1
       Paralysed         |       |     2 |       ||     2
  Eat: Chunk             |       |     4 |     3 ||     7
       Ration            |       |     1 |       ||     1
Armor: Skin              |     5 |     5 |       ||    10
Dodge: Dodged            |    60 |    22 |    12 ||    94

Table legend:
 A = Spawn XP
 B = Non-spawn XP
 C = Spawn XP percentage of total XP
 D = Spawn monster count
 E = Non-spawn monster count
 F = Spawn count percentage of total count
 G = Total turns spent on level
                    A         B        C        D         E        F      G
               +---------+---------+-------+---------+---------+-------+---------
         Total |       0 |     963 |   0.0 |       0 |      45 |   0.0 |  1259
               +---------+---------+-------+---------+---------+-------+---------
           D:1 |       0 |      10 |   0.0 |       0 |       4 |   0.0 |    87
           D:2 |       0 |      11 |   0.0 |       0 |       6 |   0.0 |   125
           D:3 |       0 |      20 |   0.0 |       0 |       6 |   0.0 |   213
           D:4 |       0 |      51 |   0.0 |       0 |       5 |   0.0 |   349
           D:5 |       0 |     150 |   0.0 |       0 |       6 |   0.0 |   209
           D:6 |       0 |     169 |   0.0 |       0 |       3 |   0.0 |    74
           D:7 |       0 |     552 |   0.0 |       0 |      15 |   0.0 |   165
               +---------+---------+-------+---------+---------+-------+---------

Table legend:
 A = Turns spent in this place as a percentage of turns spent in the entire game.
 B = Non-inter-level travel turns spent in this place as a percentage of non-inter-level travel turns spent in the entire game.
 C = Inter-level travel turns spent in this place as a percentage of turns spent in this place.
 D = Turns resting spent in this place as a percentage of non-inter-level travel turns spent in this place.
 E = Turns spent auto-exploring this place as a percentage of non-inter-level travel turns spent in this place.
 F = Non-inter-level travel turns spent in this place divided by the number of levels of this place that you've seen.
                   A       B       C       D       E      F
               +-------+-------+-------+-------+-------+----------------------
         Total | 100.0 | 100.0 |   1.6 |   0.0 |   0.0 | 154.9
       Dungeon |  97.1 |  97.7 |   0.9 |   0.0 |   0.0 | 173.0
        Temple |   2.9 |   2.3 |  24.3 |   0.0 |   0.0 |  28.0
               +-------+-------+-------+-------+-------+----------------------

Table legend:
 A = Kills in this place as a percentage of kills in entire the game.
 B = Kills by you in this place as a percentage of kills by you in the entire game.
 C = Kills by friends in this place as a percentage of kills by friends in the entire game.
 D = Other kills in this place as a percentage of other kills in the entire game.
 E = Experience gained in this place as a percentage of experience gained in the entire game.
 F = Experience gained in this place divided by the number of levels of this place that you have seen.
                   A       B       C       D       E      F
               +-------+-------+-------+-------+-------+----------------------
         Total | 100.0 | 100.0 | 100.0 |   N/A | 100.0 | 120.4
       Dungeon | 100.0 | 100.0 | 100.0 |   N/A | 100.0 | 137.6
               +-------+-------+-------+-------+-------+----------------------

Vault maps used:
D:1:      co_arrival_hexagon_in_a_hexagon, roderic_serpentine_path,
          minmay_misc_feat_columns, minmay_misc_feat_iff, minmay_misc_feat_five,
          grunt_decor_one_mirror
D:2:      nemelex_lonely_heart_becter
D:3:      lemuel_round_altar, nrook_mini_vaults, hangedman_decor_diamond_cutter,
          nicolae_tso_swordbearing_angel
D:4:      vehumet_statue, lemuel_round_altar, minmay_temple_entry_hall,
          uniq_sigmund
D:5:      old_standard_altar, minitemple, first_ration
D:6:      hangedman_abyss_or_decor_stabs, elyvilon_altar_5,
          uniq_crazy_yiuf_cottage
Temple:   nicolae_temple_x_marks_the_god
